Wiprows vs Saguenéens
Created - 12 mars 2015 at 19:06
Goals
|
Wiprows |
1 |
3 |
1 |
5 |
Saguenéens |
0 |
2 |
2 |
4 |
|
Shots
|
Wiprows |
15 |
15 |
10 |
40 |
Saguenéens |
10 |
12 |
13 |
35 |
|
1st period
1. Wiprows , T.J. Oshie 42 (Nazem Kadri) at 12:52 (PP)
Penalties :
Kyle Brodziak (Chi) for Holding (Minor) at 12:50, T.J. Oshie (Win) for Slashing (Minor) at 13:14
2nd period
2. Wiprows , Nick Bonino 33 (Kevin Connauton, Brandon Bollig) at 5:00
3. Saguenéens , Martin Hanzal 39 (Kris Russell) at 5:26 (SH)
4. Saguenéens , Evgeny Grachev 21 (Rhett Rakhshani, Mike Sauer) at 7:33
5. Wiprows , Jesse Winchester 20 (Jonathan Tremblay, Arturs Kulda) at 10:03
6. Wiprows , Nazem Kadri 29 (T.J. Oshie) at 11:33
Penalties :
Wayne Simmonds (Chi) for Diving (Minor) at 5:05, Kyle Brodziak (Chi) for Roughing (Minor) at 12:55, Nazem Kadri (Win) for Hooking (Minor) at 16:02, Kevin Connauton (Win) for Hooking (Minor) at 19:58
3rd period
7. Saguenéens , Tim Kennedy 6 (Zach Bogosian, Marcus Johansson) at 3:49
8. Saguenéens , Evgeny Grachev 22 (Eric Tangradi, Kyle Brodziak) at 6:13
9. Wiprows , Nazem Kadri 30 (Jiri Tlusty, T.J. Oshie) at 11:07 (PP)
Penalties :
Linden Vey (Win) for Tripping (Minor) at 4:02, Martin Hanzal (Chi) for Hooking (Minor) at 11:00
Goalie Stats
Thomas McCollum (Win), 31 saves from 35 shots - (0,886), W, 5-10-2, 60:00 minutes
Al Montoya (Chi), 35 saves from 40 shots - (0,875), L, 30-17-6, 59:01 minutes
Players Stats for Wiprows
Player Name G A P +/- PIM S H SB GA TA FO MP PP MP PK MP
------------------------------------------------------------------------------------
Alec Martinez 0 0 0 -2 0 1 2 2 0 0 0/0 21:37 0:00 4:41
Arturs Kulda 0 1 1 2 0 1 1 1 1 0 0/0 20:35 0:00 4:41
Brandon Bollig 0 1 1 0 0 1 1 1 1 0 0/1 18:04 1:39 3:51
Derek Grant 0 0 0 0 0 0 0 0 0 0 0/0 0:00 0:00 0:00
Drayson Bowman 0 0 0 0 0 1 1 0 0 0 0/0 10:55 0:00 0:00
Gord Baldwin 0 0 0 0 0 1 0 0 0 0 0/0 19:37 1:38 3:15
Jason Ryznar 0 0 0 -2 0 5 2 0 0 1 0/0 9:21 0:04 0:47
Jesse Winchester 1 0 1 0 0 3 1 0 0 1 7/17 15:59 0:00 3:51
Jiri Tlusty 0 1 1 1 0 1 0 0 1 0 0/1 18:22 2:24 0:00
Jonathan Tremblay 0 1 1 0 0 4 0 0 0 0 0/1 14:47 0:00 3:18
Jordan Szwarz 0 0 0 -1 0 2 1 0 0 0 0/0 8:22 0:04 0:00
Kevin Connauton 0 1 1 2 2 0 2 1 0 0 0/0 17:50 1:38 0:00
Linden Vey 0 0 0 -1 2 2 0 0 0 0 0/1 13:11 1:39 0:00
Matt Donovan 0 0 0 -4 0 2 1 1 0 0 0/0 24:04 2:29 3:15
Maxime Macenauer 0 0 0 -1 0 0 2 0 0 0 2/5 8:15 0:00 0:00
Nazem Kadri 2 1 3 0 2 8 2 0 1 0 19/29 19:40 2:24 0:47
Nick Bonino 1 0 1 0 0 2 0 0 0 0 5/14 16:25 1:43 3:18
T.J. Oshie 1 2 3 1 2 5 2 0 1 2 1/2 18:21 2:24 0:00
Thomas Hickey 0 0 0 0 0 1 0 2 2 1 0/0 16:35 2:29 0:00
Players Stats for Saguenéens
Player Name G A P +/- PIM S H SB GA TA FO MP PP MP PK MP
------------------------------------------------------------------------------------
Brandon Burlon 0 0 0 2 0 1 1 0 0 0 0/0 11:01 0:00 0:00
Brian Flynn 0 0 0 -2 0 0 1 0 0 0 2/7 7:24 0:03 0:49
David Laliberté 0 0 0 0 0 2 2 0 0 1 1/2 16:08 0:09 2:16
Derek Morris 0 0 0 -1 0 2 1 0 2 0 0/0 24:55 3:20 2:12
Eric Tangradi 0 1 1 2 0 1 1 0 0 0 0/0 6:18 0:06 0:00
Evgeny Dadonov 0 0 0 0 0 3 3 1 1 1 0/2 22:02 4:36 0:00
Evgeny Grachev 2 0 2 3 0 3 2 0 0 0 2/3 9:45 0:09 0:12
Jerry D'Amigo 0 0 0 2 0 0 0 0 0 0 0/0 6:10 0:00 0:00
Kevin Marshall 0 0 0 0 0 2 3 3 0 0 0/0 24:04 4:36 1:55
Kris Russell 0 1 1 -1 0 0 2 1 0 0 0/0 22:54 3:07 2:12
Kyle Brodziak 0 1 1 -1 4 2 1 1 0 0 8/16 18:12 3:11 0:48
Marcus Johansson 0 1 1 -1 0 3 0 0 0 0 1/1 18:13 3:11 1:20
Martin Hanzal 1 0 1 1 2 3 2 1 0 1 20/37 24:47 4:36 2:11
Mike Sauer 0 1 1 2 0 0 0 0 1 0 0/0 11:00 0:13 0:00
Rhett Rakhshani 0 1 1 -1 0 0 0 0 0 0 0/0 10:13 0:00 0:00
Tim Kennedy 1 0 1 -1 0 6 1 0 0 0 0/0 13:58 3:11 0:00
Wayne Simmonds 0 0 0 0 2 3 1 0 0 3 3/3 22:39 4:36 0:38
Zach Bogosian 0 1 1 0 0 4 1 2 1 1 0/0 26:06 4:36 1:55
3 Stars
1 - Evgeny Grachev (Chi)
2 - Nazem Kadri (Win)
3 - T.J. Oshie (Win)
Power Play
Wiprows - 2 on 4 Attempt(s) - 50,00%
Saguenéens - 0 on 4 Attempt(s) - 0,00%
Penalty Kill
Wiprows - 4 on 4 Attempt(s) - 100,00%
- Score 0 goal in Penalty Kill
Saguenéens - 2 on 4 Attempt(s) - 50,00%
- Score 1 goal in Penalty Kill
Team Stat
Wiprows - Hits : 18 - Faceoff Wins : 34 - Blocked Shots : 8 - Penalty Minutes : 8
Saguenéens - Hits : 22 - Faceoff Wins : 37 - Blocked Shots : 9 - Penalty Minutes : 8
Official
Referees : Marouelli Dan and Charron Francis
Linesman : Brian Mach and David Brisebois
Game Notes
Brian Flynn is injured at 15:39 of 2nd period (Bruised Left Shoulder)
Finance
Level 1 -- Attendance: 1463 (73,15%) -- Ticket Income 58 520 $
Level 2 -- Attendance: 650 (65,00%) -- Ticket Income 13 000 $
Total Attendance: 2113 (70,43%)
Total Ticket Income: 71 520 $
Other Income: 3 576 $
Total Income: 75 096 $
Wiprows
5 vs 5 Forward
Center Left Wing Right Wing Time % Phy DF OF
1 Nazem Kadri Jiri Tlusty T.J. Oshie 38 1 1 3
2 Nick Bonino Brandon Bollig Linden Vey 28 1 2 2
3 Jesse Winchester Drayson Bowman Jonathan Tremblay 24 1 2 2
4 Maxime Macenauer Jason Ryznar Jordan Szwarz 10 1 3 1
5 vs 5 Defense
Defense Defense Time % Phy DF OF
1 Alec Martinez Matt Donovan 37 1 3 1
2 Arturs Kulda Kevin Connauton 33 1 4 0
3 Thomas Hickey Gord Baldwin 29 1 3 1
4 Matt Donovan Thomas Hickey 1 1 1 3
PowerPlay Forward
Center Left Wing Right Wing Time % Phy DF OF
1 Nazem Kadri Jiri Tlusty T.J. Oshie 55 0 0 5
2 Nick Bonino Brandon Bollig Linden Vey 45 0 0 5
PowerPlay Defense
Defense Defense Time % Phy DF OF
1 Thomas Hickey Matt Donovan 55 0 0 5
2 Gord Baldwin Kevin Connauton 45 0 0 5
Penalty Kill 4 Players Forward
Center Wing Time % Phy DF OF
1 Jesse Winchester Brandon Bollig 53 1 4 0
2 Nick Bonino Jonathan Tremblay 47 1 4 0
Penalty Kill 4 Players Defense
Defense Defense Time % Phy DF OF
1 Arturs Kulda Alec Martinez 53 1 4 0
2 Matt Donovan Gord Baldwin 47 1 4 0
Penalty Kill - 3 Players Forward
Forward Time % Phy DF OF
1 Nazem Kadri 55 0 5 0
2 Jesse Winchester 45 0 5 0
Penalty Kill - 3 Players Defense
Defense Defense Time % Phy DF OF
1 Arturs Kulda Alec Martinez 60 0 5 0
2 Matt Donovan Gord Baldwin 40 0 5 0
4 vs 4 Forward
Center Wing Time % Phy DF OF
1 Nazem Kadri T.J. Oshie 54 1 2 2
2 Nick Bonino Jiri Tlusty 46 1 2 2
4 vs 4 Defense
Defense Defense Time % Phy DF OF
1 Thomas Hickey Alec Martinez 60 1 2 2
2 Matt Donovan Arturs Kulda 40 1 4 0
Last Minutes Offensive
Center Left Wing Right Wing Defense Defense
Nazem Kadri Nick Bonino Jiri Tlusty Thomas Hickey Gord Baldwin
Last Minutes Defensive
Center Left Wing Right Wing Defense Defense
Jesse Winchester Brandon Bollig Jonathan Tremblay Alec Martinez Arturs Kulda
Goaltenders
Starting : Thomas McCollum
Backup : Braden Holtby
Extra Forwards
Normal : Nazem Kadri, Nick Bonino, T.J. Oshie - PP : Nick Bonino, T.J. Oshie - PK : Jonathan Tremblay
Extra Defensemen
Normal : Gord Baldwin, Alec Martinez, Thomas Hickey - PP : Thomas Hickey - PK : Arturs Kulda, Matt Donovan
Penalty Shots
Jiri Tlusty, T.J. Oshie, Jesse Winchester, Brandon Bollig, Nick Bonino
Saguenéens
5 vs 5 Forward
Center Left Wing Right Wing Time % Phy DF OF
1 Martin Hanzal Evgeny Dadonov Wayne Simmonds 40 1 2 2
2 Kyle Brodziak Marcus Johansson David Laliberté 30 1 2 2
3 Brian Flynn Tim Kennedy Rhett Rakhshani 20 1 2 2
4 Evgeny Grachev Eric Tangradi Jerry D'Amigo 10 1 2 2
5 vs 5 Defense
Defense Defense Time % Phy DF OF
1 Zach Bogosian Kevin Marshall 40 1 2 2
2 Kris Russell Derek Morris 34 1 2 2
3 Brandon Burlon Mike Sauer 20 1 2 2
4 Derek Morris Zach Bogosian 6 1 2 2
PowerPlay Forward
Center Left Wing Right Wing Time % Phy DF OF
1 Martin Hanzal Evgeny Dadonov Wayne Simmonds 60 1 2 2
2 Kyle Brodziak Marcus Johansson Tim Kennedy 40 1 2 2
PowerPlay Defense
Defense Defense Time % Phy DF OF
1 Zach Bogosian Kevin Marshall 60 1 2 2
2 Kris Russell Derek Morris 40 1 2 2
Penalty Kill 4 Players Forward
Center Wing Time % Phy DF OF
1 Martin Hanzal Wayne Simmonds 50 1 2 2
2 Kyle Brodziak David Laliberté 50 1 2 2
Penalty Kill 4 Players Defense
Defense Defense Time % Phy DF OF
1 Zach Bogosian Kevin Marshall 50 1 2 2
2 Kris Russell Derek Morris 50 1 2 2
Penalty Kill - 3 Players Forward
Forward Time % Phy DF OF
1 Martin Hanzal 50 1 3 1
2 Kyle Brodziak 50 1 3 1
Penalty Kill - 3 Players Defense
Defense Defense Time % Phy DF OF
1 Zach Bogosian Kevin Marshall 50 1 3 1
2 Mike Sauer Derek Morris 50 1 3 1
4 vs 4 Forward
Center Wing Time % Phy DF OF
1 Martin Hanzal Wayne Simmonds 60 1 2 2
2 Kyle Brodziak Evgeny Dadonov 40 1 2 2
4 vs 4 Defense
Defense Defense Time % Phy DF OF
1 Zach Bogosian Kevin Marshall 60 1 2 2
2 Kris Russell Derek Morris 40 1 2 2
Last Minutes Offensive
Center Left Wing Right Wing Defense Defense
Martin Hanzal Evgeny Dadonov Wayne Simmonds Derek Morris Zach Bogosian
Last Minutes Defensive
Center Left Wing Right Wing Defense Defense
Martin Hanzal Evgeny Dadonov Wayne Simmonds Derek Morris Zach Bogosian
Goaltenders
Starting : Al Montoya
Backup : Harru Sateri
Extra Forwards
Normal : Evgeny Grachev, Tim Kennedy, Martin Hanzal - PP : Brian Flynn, Evgeny Grachev - PK : David Laliberté
Extra Defensemen
Normal : Mike Sauer, Brandon Burlon, Derek Morris - PP : Mike Sauer - PK : Mike Sauer, Brandon Burlon
Penalty Shots
Wayne Simmonds, Evgeny Dadonov, Martin Hanzal, Kyle Brodziak, Brian Flynn
% Time on Ice - Wiprows
Lines # - Real PCT - Wanted PCT - Time Play
Normal Forward
1 - 35% - 38% - 16:49
2 - 24% - 28% - 11:24
3 - 23% - 24% - 10:55
4 - 17% - 10% - 8:15
Normal Defense
1 - 35% - 37% - 16:41
2 - 36% - 33% - 16:55
3 - 28% - 29% - 13:09
4 - 1% - 1% - 0:38
PP Forward
1 - 58% - 55% - 2:24
2 - 42% - 45% - 1:43
PP Defense
1 - 60% - 55% - 2:29
2 - 40% - 45% - 1:38
PK Forward
1 - 58% - 53% - 4:38
2 - 42% - 47% - 3:18
PK Defense
1 - 59% - 53% - 4:41
2 - 41% - 47% - 3:15
PK3 Forward
1 - 0% - 55%
2 - 0% - 45%
PK3 Defense
1 - 0% - 60%
2 - 0% - 40%
44 Forward
1 - 0% - 54%
2 - 0% - 46%
44 Defense
1 - 0% - 60%
2 - 0% - 40%
Last Minute Offensive - 0:00
Last Minute Defensive - 0:34
Total
Forward - 60:00
Defense - 60:00
|
% Time on Ice - Saguenéens
Lines # - Real PCT - Wanted PCT - Time Play
Normal Forward
1 - 35% - 40% - 16:32
2 - 30% - 30% - 14:04
3 - 22% - 20% - 10:13
4 - 13% - 10% - 5:54
Normal Defense
1 - 39% - 40% - 18:02
2 - 36% - 34% - 16:51
3 - 24% - 20% - 11:01
4 - 2% - 6% - 0:49
PP Forward
1 - 60% - 60% - 4:45
2 - 40% - 40% - 3:11
PP Defense
1 - 61% - 60% - 4:49
2 - 39% - 40% - 3:07
PK Forward
1 - 44% - 50% - 1:49
2 - 56% - 50% - 2:18
PK Defense
1 - 47% - 50% - 1:55
2 - 53% - 50% - 2:12
PK3 Forward
1 - 0% - 50%
2 - 0% - 50%
PK3 Defense
1 - 0% - 50%
2 - 0% - 50%
44 Forward
1 - 0% - 60%
2 - 0% - 40%
44 Defense
1 - 0% - 60%
2 - 0% - 40%
Last Minute Offensive - 1:14
Last Minute Defensive - 0:00
Total
Forward - 60:00
Defense - 60:00
|
Play by Play
1st period
0:01 of 1st period - Nazem Kadri wins face-off versus Martin Hanzal in neutral zone.
0:10 of 1st period - Matt Donovan is hit by Martin Hanzal and loses puck.
0:25 of 1st period - Marcus Johansson is hit by Alec Martinez and loses puck.
0:30 of 1st period - Snap shot by Nick Bonino.
0:30 of 1st period - Shot Misses the Net.
0:32 of 1st period - Wrist shot by Linden Vey.
0:32 of 1st period - Stopped by Al Montoya without a rebound.
0:33 of 1st period - Jesse Winchester wins face-off versus Brian Flynn in Saguenéens zone.
0:40 of 1st period - Drayson Bowman is hit by Brian Flynn and loses puck.
1:07 of 1st period - Wrist shot by Jason Ryznar.
1:07 of 1st period - Stopped by Al Montoya without a rebound.
1:08 of 1st period - Martin Hanzal wins face-off versus Nick Bonino in Saguenéens zone.
1:10 of 1st period - Icing by Evgeny Dadonov.
1:11 of 1st period - Martin Hanzal wins face-off versus Linden Vey in Saguenéens zone.
1:47 of 1st period - Snap shot by Jiri Tlusty.
1:47 of 1st period - Stopped by Al Montoya without a rebound.
1:48 of 1st period - Brian Flynn wins face-off versus Jonathan Tremblay in Saguenéens zone.
2:01 of 1st period - Wrist shot by Tim Kennedy.
2:01 of 1st period - Stopped by Thomas McCollum with a rebound.
2:15 of 1st period - Kevin Marshall is hit by T.J. Oshie and loses puck.
2:59 of 1st period - Icing by Kris Russell.
3:00 of 1st period - Evgeny Grachev wins face-off versus Maxime Macenauer in Saguenéens zone.
3:09 of 1st period - Snap shot by Maxime Macenauer.
3:09 of 1st period - Deflect By Jason Ryznar.
3:09 of 1st period - Shot Blocked by Kris Russell.
3:09 of 1st period - Puck is out of play.
3:10 of 1st period - Martin Hanzal wins face-off versus Nazem Kadri in Saguenéens zone.
3:14 of 1st period - Off-side.
3:15 of 1st period - Nazem Kadri wins face-off versus Martin Hanzal in neutral zone.
3:22 of 1st period - Snap shot by Nazem Kadri.
3:22 of 1st period - Stopped by Al Montoya with a rebound.
4:05 of 1st period - Snap shot by Nick Bonino.
4:05 of 1st period - Stopped by Al Montoya with a rebound.
4:15 of 1st period - Slapshot by Matt Donovan.
4:15 of 1st period - Stopped by Al Montoya without a rebound.
4:16 of 1st period - Martin Hanzal wins face-off versus Nazem Kadri in Saguenéens zone.
4:25 of 1st period - Snap shot by Evgeny Dadonov.
4:25 of 1st period - Stopped by Thomas McCollum with a rebound.
5:56 of 1st period - Icing by Matt Donovan.
5:57 of 1st period - Martin Hanzal wins face-off versus Maxime Macenauer in Wiprows zone.
5:58 of 1st period - Wrist shot by Evgeny Dadonov.
5:58 of 1st period - Shot Misses the Net.
6:12 of 1st period - Martin Hanzal is hit by Maxime Macenauer and loses puck.
6:25 of 1st period - Snap shot by Jason Ryznar.
6:25 of 1st period - Shot Hit the Post.
6:27 of 1st period - Snap shot by Jordan Szwarz.
6:27 of 1st period - Stopped by Al Montoya without a rebound.
6:28 of 1st period - Nazem Kadri wins face-off versus Kyle Brodziak in Saguenéens zone.
6:43 of 1st period - Wrist shot by Marcus Johansson.
6:43 of 1st period - Shot Misses the Net.
7:09 of 1st period - Icing by Arturs Kulda.
7:10 of 1st period - Martin Hanzal wins face-off versus Jesse Winchester in Wiprows zone.
7:39 of 1st period - Slapshot by Zach Bogosian.
7:39 of 1st period - Stopped by Thomas McCollum with a rebound.
7:45 of 1st period - Slapshot by Kyle Brodziak.
7:45 of 1st period - Stopped by Thomas McCollum without a rebound.
7:46 of 1st period - Martin Hanzal wins face-off versus Nick Bonino in Wiprows zone.
8:00 of 1st period - Off-side.
8:01 of 1st period - Nazem Kadri wins face-off versus Kyle Brodziak in neutral zone.
8:18 of 1st period - T.J. Oshie is hit by David Laliberté and loses puck.
8:31 of 1st period - Linden Vey is hit by Evgeny Dadonov and loses puck.
8:36 of 1st period - Snap shot by Evgeny Dadonov.
8:36 of 1st period - Stopped by Thomas McCollum with a rebound.
8:38 of 1st period - Slapshot by Zach Bogosian.
8:38 of 1st period - Deflect By Wayne Simmonds.
8:38 of 1st period - Stopped by Thomas McCollum without a rebound.
8:39 of 1st period - Jesse Winchester wins face-off versus Evgeny Grachev in Wiprows zone.
8:39 of 1st period - Jesse Winchester is hit by Evgeny Grachev.
8:49 of 1st period - Snap shot by Jesse Winchester.
8:49 of 1st period - Stopped by Al Montoya with a rebound.
8:51 of 1st period - Slapshot by Arturs Kulda.
8:51 of 1st period - Stopped by Al Montoya with a rebound.
8:53 of 1st period - Snap shot by Jonathan Tremblay.
8:53 of 1st period - Deflect By Drayson Bowman.
8:53 of 1st period - Stopped by Al Montoya without a rebound.
8:54 of 1st period - Nazem Kadri wins face-off versus Martin Hanzal in Saguenéens zone.
8:59 of 1st period - Wrist shot by Nazem Kadri.
8:59 of 1st period - Stopped by Al Montoya with a rebound.
9:21 of 1st period - Thomas Hickey is hit by David Laliberté and loses puck.
9:27 of 1st period - Off-side.
9:28 of 1st period - Kyle Brodziak wins face-off versus Jesse Winchester in neutral zone.
10:12 of 1st period - Kevin Connauton is hit by Brandon Burlon and loses puck.
10:26 of 1st period - Off-side.
10:27 of 1st period - Maxime Macenauer wins face-off versus Brian Flynn in neutral zone.
11:05 of 1st period - Wrist shot by Jason Ryznar.
11:05 of 1st period - Stopped by Al Montoya with a rebound.
11:17 of 1st period - Derek Morris is hit by Alec Martinez and loses puck.
11:46 of 1st period - Snap shot by David Laliberté.
11:46 of 1st period - Stopped by Thomas McCollum without a rebound.
11:47 of 1st period - Brian Flynn wins face-off versus Brandon Bollig in Wiprows zone.
11:48 of 1st period - Snap shot by Tim Kennedy.
11:48 of 1st period - Stopped by Thomas McCollum with a rebound.
11:50 of 1st period - Snap shot by Tim Kennedy.
11:50 of 1st period - Stopped by Thomas McCollum with a rebound.
11:52 of 1st period - Backhand shot by Mike Sauer.
11:52 of 1st period - Deflect By Rhett Rakhshani.
11:52 of 1st period - Shot Blocked by Brandon Bollig.
11:52 of 1st period - Puck is out of play.
11:53 of 1st period - Nick Bonino wins face-off versus Brian Flynn in Wiprows zone.
12:28 of 1st period - Slapshot by Nazem Kadri.
12:28 of 1st period - Stopped by Al Montoya without a rebound.
12:29 of 1st period - Jesse Winchester wins face-off versus Kyle Brodziak in Saguenéens zone.
12:50 of 1st period - Minor Penalty to Kyle Brodziak for Holding.
12:51 of 1st period - Nazem Kadri wins face-off versus Martin Hanzal in Saguenéens zone.
12:52 of 1st period - Snap shot by T.J. Oshie.
12:52 of 1st period - Goal by T.J. Oshie - Wiprows : 1 - Saguenéens : 0.
12:53 of 1st period - Nazem Kadri wins face-off versus Martin Hanzal in neutral zone.
13:14 of 1st period - Minor Penalty to T.J. Oshie for Slashing.
13:15 of 1st period - Jesse Winchester wins face-off versus Martin Hanzal in Wiprows zone.
15:14 of 1st period - Penalty to T.J. Oshie is over, T.J. Oshie is back on ice.
15:25 of 1st period - Wrist shot by Nazem Kadri.
15:25 of 1st period - Shot Misses the Net.
16:34 of 1st period - Evgeny Dadonov is hit by T.J. Oshie and loses puck.
16:46 of 1st period - Zach Bogosian is hit by Matt Donovan and loses puck.
16:57 of 1st period - Gord Baldwin is hit by Tim Kennedy and loses puck.
17:32 of 1st period - Wrist shot by Brandon Bollig.
17:32 of 1st period - Stopped by Al Montoya with a rebound.
18:12 of 1st period - Martin Hanzal is hit by Kevin Connauton and loses puck.
19:11 of 1st period - T.J. Oshie is hit by Kevin Marshall and loses puck.
19:35 of 1st period - Jason Ryznar is hit by Evgeny Grachev and loses puck.
19:40 of 1st period - Slapshot by Evgeny Grachev.
19:40 of 1st period - Stopped by Thomas McCollum with a rebound.
19:55 of 1st period - Wrist shot by Nick Bonino.
19:55 of 1st period - Shot Misses the Net.
19:57 of 1st period - Snap shot by Nick Bonino.
19:57 of 1st period - Shot Misses the Net.
Goals for this period are 1 for Wiprows vs 0 for Saguenéens.
Shots for this period are 15 for Wiprows vs 10 for Saguenéens.
2nd period
0:01 of 2nd period - Martin Hanzal wins face-off versus Nazem Kadri in neutral zone.
0:03 of 2nd period - Off-side.
0:04 of 2nd period - Martin Hanzal wins face-off versus Nazem Kadri in neutral zone.
0:07 of 2nd period - Slapshot by Derek Morris.
0:07 of 2nd period - Stopped by Thomas McCollum with a rebound.
0:34 of 2nd period - Slapshot by Jesse Winchester.
0:34 of 2nd period - Shot Misses the Net.
0:36 of 2nd period - Snap shot by Jesse Winchester.
0:36 of 2nd period - Stopped by Al Montoya with a rebound.
0:38 of 2nd period - Snap shot by Jonathan Tremblay.
0:38 of 2nd period - Stopped by Al Montoya without a rebound.
0:39 of 2nd period - Kyle Brodziak wins face-off versus Nick Bonino in Saguenéens zone.
0:52 of 2nd period - Slapshot by David Laliberté.
0:52 of 2nd period - Stopped by Thomas McCollum with a rebound.
0:54 of 2nd period - Wrist shot by David Laliberté.
0:54 of 2nd period - Deflect By Kyle Brodziak.
0:54 of 2nd period - Shot Misses the Net.
0:54 of 2nd period - Puck is out of play.
0:55 of 2nd period - T.J. Oshie wins face-off versus Brian Flynn in Wiprows zone.
1:02 of 2nd period - Wrist shot by T.J. Oshie.
1:02 of 2nd period - Shot Misses the Net.
1:05 of 2nd period - Icing by Rhett Rakhshani.
1:06 of 2nd period - Nazem Kadri wins face-off versus Brian Flynn in Saguenéens zone.
1:47 of 2nd period - Wrist shot by Derek Morris.
1:47 of 2nd period - Deflect By Tim Kennedy.
1:47 of 2nd period - Shot Misses the Net.
1:47 of 2nd period - Puck is out of play.
1:48 of 2nd period - Nazem Kadri wins face-off versus Evgeny Dadonov in Wiprows zone.
2:23 of 2nd period - Brandon Burlon is hit by Jesse Winchester and loses puck.
3:24 of 2nd period - Off-side.
3:25 of 2nd period - Marcus Johansson wins face-off versus Nick Bonino in neutral zone.
4:01 of 2nd period - Alec Martinez is hit by Kevin Marshall.
5:00 of 2nd period - Snap shot by Nick Bonino.
5:00 of 2nd period - Goal by Nick Bonino - Wiprows : 2 - Saguenéens : 0.
5:01 of 2nd period - Nazem Kadri wins face-off versus Martin Hanzal in neutral zone.
5:05 of 2nd period - Minor Penalty to Wayne Simmonds for Diving.
5:06 of 2nd period - Nazem Kadri wins face-off versus Kyle Brodziak in Saguenéens zone.
5:26 of 2nd period - Slapshot by Martin Hanzal.
5:26 of 2nd period - Goal by Martin Hanzal - Wiprows : 2 - Saguenéens : 1.
5:27 of 2nd period - Kyle Brodziak wins face-off versus T.J. Oshie in neutral zone.
5:39 of 2nd period - Wrist shot by Nazem Kadri.
5:39 of 2nd period - Shot Misses the Net.
5:41 of 2nd period - Wrist shot by Nazem Kadri.
5:41 of 2nd period - Stopped by Al Montoya with a rebound.
5:43 of 2nd period - Snap shot by Nazem Kadri.
5:43 of 2nd period - Stopped by Al Montoya with a rebound.
5:59 of 2nd period - Wrist shot by Brandon Bollig.
5:59 of 2nd period - Shot Blocked by Zach Bogosian.
6:01 of 2nd period - Slapshot by Brandon Bollig.
6:01 of 2nd period - Shot Blocked by Martin Hanzal.
7:05 of 2nd period - Penalty to Wayne Simmonds is over, Wayne Simmonds is back on ice.
7:22 of 2nd period - Tim Kennedy is hit by Drayson Bowman and loses puck.
7:33 of 2nd period - Wrist shot by Evgeny Grachev.
7:33 of 2nd period - Goal by Evgeny Grachev - Wiprows : 2 - Saguenéens : 2.
7:34 of 2nd period - David Laliberté wins face-off versus Nazem Kadri in neutral zone.
7:47 of 2nd period - Snap shot by T.J. Oshie.
7:47 of 2nd period - Shot Blocked by Kevin Marshall.
7:49 of 2nd period - Snap shot by T.J. Oshie.
7:49 of 2nd period - Shot Blocked by Zach Bogosian.
8:06 of 2nd period - Slapshot by Zach Bogosian.
8:06 of 2nd period - Deflect By Wayne Simmonds.
8:06 of 2nd period - Shot Misses the Net.
8:06 of 2nd period - Puck is out of play.
8:07 of 2nd period - Nazem Kadri wins face-off versus Martin Hanzal in Wiprows zone.
8:15 of 2nd period - Icing by Kris Russell.
8:16 of 2nd period - Martin Hanzal wins face-off versus Nazem Kadri in Saguenéens zone.
8:29 of 2nd period - Snap shot by Wayne Simmonds.
8:29 of 2nd period - Shot Misses the Net.
8:31 of 2nd period - Slapshot by Kris Russell.
8:31 of 2nd period - Deflect By Evgeny Dadonov.
8:31 of 2nd period - Stopped by Thomas McCollum with a rebound.
9:33 of 2nd period - Slapshot by Evgeny Dadonov.
9:33 of 2nd period - Deflect By Alec Martinez.
9:33 of 2nd period - Shot Misses the Net.
9:33 of 2nd period - Puck is out of play.
9:34 of 2nd period - Nick Bonino wins face-off versus Kyle Brodziak in Wiprows zone.
9:34 of 2nd period - Nick Bonino is hit by Kevin Marshall.
9:44 of 2nd period - Marcus Johansson is hit by Arturs Kulda and loses puck.
10:01 of 2nd period - Slapshot by Jonathan Tremblay.
10:01 of 2nd period - Stopped by Al Montoya with a rebound.
10:03 of 2nd period - Snap shot by Jesse Winchester.
10:03 of 2nd period - Goal by Jesse Winchester - Wiprows : 3 - Saguenéens : 2.
10:04 of 2nd period - Kyle Brodziak wins face-off versus Nick Bonino in neutral zone.
10:35 of 2nd period - Wrist shot by Marcus Johansson.
10:35 of 2nd period - Stopped by Thomas McCollum without a rebound.
10:36 of 2nd period - Maxime Macenauer wins face-off versus Martin Hanzal in Wiprows zone.
10:53 of 2nd period - Slapshot by Jason Ryznar.
10:53 of 2nd period - Stopped by Al Montoya without a rebound.
10:54 of 2nd period - Kyle Brodziak wins face-off versus Jesse Winchester in Saguenéens zone.
10:54 of 2nd period - Kyle Brodziak is hit by Kevin Connauton.
11:33 of 2nd period - Wrist shot by Nazem Kadri.
11:33 of 2nd period - Goal by Nazem Kadri - Wiprows : 4 - Saguenéens : 2.
11:34 of 2nd period - Nick Bonino wins face-off versus Martin Hanzal in neutral zone.
11:59 of 2nd period - Snap shot by Tim Kennedy.
11:59 of 2nd period - Shot Misses the Net.
12:01 of 2nd period - Slapshot by Tim Kennedy.
12:01 of 2nd period - Shot Misses the Net.
12:03 of 2nd period - Slapshot by Derek Morris.
12:03 of 2nd period - Stopped by Thomas McCollum with a rebound.
12:05 of 2nd period - Wrist shot by Brian Flynn.
12:05 of 2nd period - Shot Blocked by Matt Donovan.
12:07 of 2nd period - Snap shot by Brian Flynn.
12:07 of 2nd period - Deflect By Nick Bonino.
12:07 of 2nd period - Shot Misses the Net.
12:07 of 2nd period - Puck is out of play.
12:08 of 2nd period - Nazem Kadri wins face-off versus Martin Hanzal in Wiprows zone.
12:08 of 2nd period - Nazem Kadri is hit by Wayne Simmonds.
12:16 of 2nd period - Wrist shot by T.J. Oshie.
12:16 of 2nd period - Stopped by Al Montoya without a rebound.
12:17 of 2nd period - Nazem Kadri wins face-off versus Martin Hanzal in Saguenéens zone.
12:18 of 2nd period - Snap shot by T.J. Oshie.
12:18 of 2nd period - Stopped by Al Montoya with a rebound.
12:20 of 2nd period - Snap shot by Gord Baldwin.
12:20 of 2nd period - Deflect By Martin Hanzal.
12:20 of 2nd period - Stopped by Al Montoya without a rebound.
12:21 of 2nd period - Martin Hanzal wins face-off versus Nazem Kadri in Saguenéens zone.
12:53 of 2nd period - Slapshot by Jonathan Tremblay.
12:53 of 2nd period - Stopped by Al Montoya with a rebound.
12:55 of 2nd period - Minor Penalty to Kyle Brodziak for Roughing.
12:56 of 2nd period - Martin Hanzal wins face-off versus Nazem Kadri in Saguenéens zone.
14:55 of 2nd period - Penalty to Kyle Brodziak is over, Kyle Brodziak is back on ice.
15:12 of 2nd period - Slapshot by Eric Tangradi.
15:12 of 2nd period - Stopped by Thomas McCollum without a rebound.
15:13 of 2nd period - Martin Hanzal wins face-off versus Jesse Winchester in Wiprows zone.
15:24 of 2nd period - Slapshot by Martin Hanzal.
15:24 of 2nd period - Shot Misses the Net.
15:38 of 2nd period - Brian Flynn is hit by Maxime Macenauer and loses puck.
15:39 of 2nd period - Brian Flynn from Saguenéens is injured at 15:39 of 2nd period (Bruised Left Shoulder).
15:40 of 2nd period - Nazem Kadri wins face-off versus Martin Hanzal in Saguenéens zone.
15:47 of 2nd period - Slapshot by Nazem Kadri.
15:47 of 2nd period - Shot Blocked by Kevin Marshall.
16:02 of 2nd period - Minor Penalty to Nazem Kadri for Hooking.
16:03 of 2nd period - Wayne Simmonds wins face-off versus Jesse Winchester in Wiprows zone.
16:04 of 2nd period - Backhand shot by Evgeny Dadonov.
16:04 of 2nd period - Shot Misses the Net.
16:06 of 2nd period - Slapshot by Zach Bogosian.
16:06 of 2nd period - Shot Misses the Net.
16:08 of 2nd period - Wrist shot by Martin Hanzal.
16:08 of 2nd period - Shot Misses the Net.
16:10 of 2nd period - Slapshot by Zach Bogosian.
16:10 of 2nd period - Stopped by Thomas McCollum with a rebound.
16:12 of 2nd period - Wrist shot by Wayne Simmonds.
16:12 of 2nd period - Deflect By Evgeny Dadonov.
16:12 of 2nd period - Shot Blocked by Arturs Kulda.
16:12 of 2nd period - Puck is out of play.
16:13 of 2nd period - Wayne Simmonds wins face-off versus Jesse Winchester in Wiprows zone.
16:38 of 2nd period - Slapshot by Zach Bogosian.
16:38 of 2nd period - Shot Misses the Net.
16:40 of 2nd period - Slapshot by Zach Bogosian.
16:40 of 2nd period - Shot Blocked by Alec Martinez.
16:42 of 2nd period - Slapshot by Kevin Marshall.
16:42 of 2nd period - Deflect By Jonathan Tremblay.
16:42 of 2nd period - Stopped by Thomas McCollum with a rebound.
17:24 of 2nd period - Off-side.
17:25 of 2nd period - Jesse Winchester wins face-off versus Kyle Brodziak in neutral zone.
17:38 of 2nd period - Nick Bonino is hit by Kris Russell and loses puck.
18:02 of 2nd period - Penalty to Nazem Kadri is over, Nazem Kadri is back on ice.
18:56 of 2nd period - Wrist shot by Nazem Kadri.
18:56 of 2nd period - Stopped by Al Montoya without a rebound.
18:57 of 2nd period - Evgeny Grachev wins face-off versus Nazem Kadri in Saguenéens zone.
19:08 of 2nd period - Wrist shot by T.J. Oshie.
19:08 of 2nd period - Stopped by Al Montoya without a rebound.
19:09 of 2nd period - Martin Hanzal wins face-off versus Nick Bonino in Saguenéens zone.
19:09 of 2nd period - Martin Hanzal is hit by Brandon Bollig.
19:21 of 2nd period - Brandon Bollig is hit by Evgeny Dadonov.
19:39 of 2nd period - Slapshot by Zach Bogosian.
19:39 of 2nd period - Stopped by Thomas McCollum without a rebound.
19:40 of 2nd period - Kyle Brodziak wins face-off versus Jiri Tlusty in Wiprows zone.
19:43 of 2nd period - Wrist shot by Marcus Johansson.
19:43 of 2nd period - Stopped by Thomas McCollum without a rebound.
19:44 of 2nd period - Martin Hanzal wins face-off versus Nazem Kadri in Wiprows zone.
19:58 of 2nd period - Minor Penalty to Kevin Connauton for Hooking.
19:59 of 2nd period - Martin Hanzal wins face-off versus Jesse Winchester in Wiprows zone.
Goals for this period are 3 for Wiprows vs 2 for Saguenéens.
Shots for this period are 15 for Wiprows vs 12 for Saguenéens.
3rd period
0:01 of 3rd period - Jesse Winchester wins face-off versus Martin Hanzal in neutral zone.
0:12 of 3rd period - Slapshot by Zach Bogosian.
0:12 of 3rd period - Shot Misses the Net.
0:14 of 3rd period - Snap shot by Wayne Simmonds.
0:14 of 3rd period - Stopped by Thomas McCollum with a rebound.
0:16 of 3rd period - Slapshot by Zach Bogosian.
0:16 of 3rd period - Shot Misses the Net.
0:54 of 3rd period - Snap shot by Martin Hanzal.
0:54 of 3rd period - Shot Misses the Net.
1:38 of 3rd period - Wayne Simmonds is hit by Jason Ryznar and loses puck.
1:58 of 3rd period - Penalty to Kevin Connauton is over, Kevin Connauton is back on ice.
2:03 of 3rd period - Jesse Winchester is hit by Eric Tangradi and loses puck.
2:20 of 3rd period - Kyle Brodziak is hit by Nazem Kadri and loses puck.
2:26 of 3rd period - Icing by Rhett Rakhshani.
2:27 of 3rd period - Nazem Kadri wins face-off versus Kyle Brodziak in Saguenéens zone.
2:34 of 3rd period - Slapshot by T.J. Oshie.
2:34 of 3rd period - Stopped by Al Montoya without a rebound.
2:35 of 3rd period - Nazem Kadri wins face-off versus Martin Hanzal in Saguenéens zone.
2:46 of 3rd period - Wrist shot by Martin Hanzal.
2:46 of 3rd period - Stopped by Thomas McCollum with a rebound.
3:49 of 3rd period - Slapshot by Tim Kennedy.
3:49 of 3rd period - Goal by Tim Kennedy - Wiprows : 4 - Saguenéens : 3.
3:50 of 3rd period - Martin Hanzal wins face-off versus Nick Bonino in neutral zone.
3:59 of 3rd period - Snap shot by Martin Hanzal.
3:59 of 3rd period - Stopped by Thomas McCollum without a rebound.
4:00 of 3rd period - Nick Bonino wins face-off versus Martin Hanzal in Wiprows zone.
4:02 of 3rd period - Minor Penalty to Linden Vey for Tripping.
4:03 of 3rd period - Martin Hanzal wins face-off versus Jesse Winchester in Wiprows zone.
4:35 of 3rd period - Slapshot by Kyle Brodziak.
4:35 of 3rd period - Stopped by Thomas McCollum with a rebound.
4:37 of 3rd period - Wrist shot by Zach Bogosian.
4:37 of 3rd period - Shot Misses the Net.
4:39 of 3rd period - Slapshot by Kevin Marshall.
4:39 of 3rd period - Shot Blocked by Alec Martinez.
5:52 of 3rd period - Wayne Simmonds is hit by Nazem Kadri and loses puck.
6:02 of 3rd period - Penalty to Linden Vey is over, Linden Vey is back on ice.
6:13 of 3rd period - Snap shot by Evgeny Grachev.
6:13 of 3rd period - Goal by Evgeny Grachev - Wiprows : 4 - Saguenéens : 4.
6:14 of 3rd period - Nick Bonino wins face-off versus Kyle Brodziak in neutral zone.
6:18 of 3rd period - Off-side.
6:19 of 3rd period - Kyle Brodziak wins face-off versus Nick Bonino in neutral zone.
6:30 of 3rd period - Slapshot by Zach Bogosian.
6:30 of 3rd period - Stopped by Thomas McCollum with a rebound.
6:32 of 3rd period - Slapshot by Zach Bogosian.
6:32 of 3rd period - Shot Blocked by Kevin Connauton.
6:34 of 3rd period - Slapshot by Kevin Marshall.
6:34 of 3rd period - Stopped by Thomas McCollum with a rebound.
7:37 of 3rd period - Slapshot by Jesse Winchester.
7:37 of 3rd period - Shot Blocked by Kyle Brodziak.
7:39 of 3rd period - Snap shot by Drayson Bowman.
7:39 of 3rd period - Shot Misses the Net.
8:28 of 3rd period - Off-side.
8:29 of 3rd period - Kyle Brodziak wins face-off versus Jesse Winchester in neutral zone.
8:38 of 3rd period - Snap shot by Kyle Brodziak.
8:38 of 3rd period - Shot Blocked by Thomas Hickey.
8:40 of 3rd period - Snap shot by Marcus Johansson.
8:40 of 3rd period - Stopped by Thomas McCollum with a rebound.
8:42 of 3rd period - Wrist shot by Brandon Burlon.
8:42 of 3rd period - Stopped by Thomas McCollum with a rebound.
8:52 of 3rd period - Slapshot by Martin Hanzal.
8:52 of 3rd period - Shot Misses the Net.
8:54 of 3rd period - Snap shot by Mike Sauer.
8:54 of 3rd period - Shot Misses the Net.
8:56 of 3rd period - Slapshot by Mike Sauer.
8:56 of 3rd period - Shot Blocked by Thomas Hickey.
9:16 of 3rd period - Slapshot by Gord Baldwin.
9:16 of 3rd period - Shot Misses the Net.
9:32 of 3rd period - Maxime Macenauer is hit by Kyle Brodziak.
9:38 of 3rd period - Snap shot by Jason Ryznar.
9:38 of 3rd period - Stopped by Al Montoya with a rebound.
9:40 of 3rd period - Snap shot by Jordan Szwarz.
9:40 of 3rd period - Stopped by Al Montoya with a rebound.
9:42 of 3rd period - Snap shot by Matt Donovan.
9:42 of 3rd period - Shot Blocked by Kevin Marshall.
9:44 of 3rd period - Slapshot by Matt Donovan.
9:44 of 3rd period - Stopped by Al Montoya with a rebound.
10:00 of 3rd period - Snap shot by Jonathan Tremblay.
10:00 of 3rd period - Stopped by Al Montoya without a rebound.
10:01 of 3rd period - Martin Hanzal wins face-off versus Jesse Winchester in Saguenéens zone.
10:40 of 3rd period - T.J. Oshie is hit by Derek Morris and loses puck.
10:57 of 3rd period - Snap shot by Linden Vey.
10:57 of 3rd period - Deflect By Marcus Johansson.
10:57 of 3rd period - Stopped by Al Montoya without a rebound.
10:58 of 3rd period - Wayne Simmonds wins face-off versus Nick Bonino in Saguenéens zone.
11:00 of 3rd period - Minor Penalty to Martin Hanzal for Hooking.
11:01 of 3rd period - Nazem Kadri wins face-off versus David Laliberté in Saguenéens zone.
11:07 of 3rd period - Snap shot by Nazem Kadri.
11:07 of 3rd period - Goal by Nazem Kadri - Wiprows : 5 - Saguenéens : 4.
11:08 of 3rd period - Nazem Kadri wins face-off versus Evgeny Dadonov in neutral zone.
11:13 of 3rd period - Snap shot by Alec Martinez.
11:13 of 3rd period - Shot Blocked by Evgeny Dadonov.
11:33 of 3rd period - Nick Bonino is hit by Zach Bogosian and loses puck.
13:32 of 3rd period - Kyle Brodziak is hit by Jordan Szwarz and loses puck.
14:16 of 3rd period - Slapshot by Thomas Hickey.
14:16 of 3rd period - Stopped by Al Montoya with a rebound.
14:30 of 3rd period - Slapshot by Tim Kennedy.
14:30 of 3rd period - Shot Misses the Net.
14:32 of 3rd period - Snap shot by Brandon Burlon.
14:32 of 3rd period - Shot Misses the Net.
14:34 of 3rd period - Snap shot by Rhett Rakhshani.
14:34 of 3rd period - Shot Misses the Net.
14:59 of 3rd period - Wrist shot by Jason Ryznar.
14:59 of 3rd period - Stopped by Al Montoya without a rebound.
15:00 of 3rd period - Martin Hanzal wins face-off versus Maxime Macenauer in Saguenéens zone.
15:00 of 3rd period - Martin Hanzal is hit by Jason Ryznar.
15:06 of 3rd period - Matt Donovan is hit by Martin Hanzal and loses puck.
15:42 of 3rd period - Matt Donovan is hit by Kris Russell and loses puck.
15:53 of 3rd period - Slapshot by Alec Martinez.
15:53 of 3rd period - Stopped by Al Montoya with a rebound.
17:04 of 3rd period - Slapshot by Marcus Johansson.
17:04 of 3rd period - Shot Misses the Net.
18:28 of 3rd period - Slapshot by Tim Kennedy.
18:28 of 3rd period - Stopped by Thomas McCollum with a rebound.
18:30 of 3rd period - Wrist shot by Tim Kennedy.
18:30 of 3rd period - Stopped by Thomas McCollum with a rebound.
19:01 of 3rd period - Saguenéens, Al Montoya is pulled from the net.
19:25 of 3rd period - Snap shot by Wayne Simmonds.
19:25 of 3rd period - Stopped by Thomas McCollum without a rebound.
19:26 of 3rd period - Craig MacTavish call a timeout for Saguenéens.
19:26 of 3rd period - Jesse Winchester wins face-off versus Martin Hanzal in Wiprows zone.
19:26 of 3rd period - Jesse Winchester is hit by Evgeny Dadonov.
19:54 of 3rd period - Slapshot by Gord Baldwin.
19:54 of 3rd period - Shot Misses the Net.
Goals for this period are 1 for Wiprows vs 2 for Saguenéens.
Shots for this period are 10 for Wiprows vs 13 for Saguenéens.
Output by the SimonT Hockey Simulator (STHS) for François Prévost -- Original Page W3C XHTML 1.0 Valid